 Dungeon Crawl Stone Soup version 0.30-a0-748-ge6a52f7cba (webtiles) character file.

Game seed: 6477891566045640647

9 Esekla the Sneak (level 2, 0/21 HPs)
             Began as an Octopode Delver on Feb 8, 2023.
             Succumbed to an adder's poison
             ... on level 5 of the Dungeon.
             The game lasted 00:01:50 (228 turns).

Esekla the Sneak (Octopode Delver)                   Turns: 228, Time: 00:01:50

Health: 0/21       AC:  1    Str: 11    XL:     2   Next: 16%
Magic:  2/2        EV: 13    Int: 12    God:
Gold:   0          SH:  0    Dex: 13    Spells: 1/1 levels left

rFire   . . .      SeeInvis .    a - +0 falchion
rCold   . . .      Faith    .    (no shield)
rNeg    . . .      Spirit   .    (helmet restricted)
rPois   .          Reflect  .    (no amulet)
rElec   .          Harm     .    (no ring)
rCorr   .          Rampage  .    (no ring)
Will    .....                    (no ring)
Stlth   ++++                     (no ring)
HPRegen 0.23/turn                (no ring)
MPRegen 0.08/turn                (no ring)
                                 (no ring)
                                 (no ring)

@: lethally poisoned (0 -> -16)
A: almost no armour, amphibious, 8 rings, camouflage 1, gelatinous body 1,
(nimble swimmer 1), tentacles
a: no special abilities


You were on level 5 of the Dungeon.
You visited 1 branch of the dungeon, and saw 1 of its levels.

Inventory:

Hand Weapons
 a - a +0 falchion (weapon)
Wands
 c - a wand of quicksilver (14)
 f - a wand of digging (3)
Scrolls
 b - a scroll of fog
 d - a scroll of fear
Potions
 e - a potion of haste


   Skills:
 * Level 3.0 Fighting
 * Level 2.0 Long Blades
 * Level 2.0 Dodging
 + Level 7.1 Stealth


You had one spell level left.
You didn't know any spells.
Your spell library was empty.

Dungeon Overview and Level Annotations

Branches:
Dungeon (5/15)
 Temple: D:4-7

Altars:
Gozag


Innate Abilities, Weirdness & Mutations

You cannot wear most types of armour.
You are amphibious.
You can wear up to eight rings at the same time.
Your skin changes colour to match your surroundings (Stealth+).
Your rubbery body absorbs attacks. (AC +1, EV +1)
((You are camouflaged when in or above water. (Stealth+)))
You have tentacles for arms and can constrict up to eight enemies at once.


Message History

You constrict the adder.
You kill the adder!
Your Stealth skill increases to level 7!
You have reached level 2!
A gnoll comes into view. It is wielding a +0 halberd.
Found a twisted runed staff.
You hear the slow rusting of a very distant drain.
You see here a staff of conjuration.
A necrophage comes into view.
You hear the slow rusting of a very distant drain.
An adder comes into view.
An adder comes into view.
Found a scroll labelled FOHOXO TILET.
Found a scroll of magic mapping.
The adder hisses angrily.
Found a lumpy purple potion.
An iguana comes into view.
Found 11 gold pieces.
You barely miss the adder. Your grab misses the adder. The adder bites you.
You are poisoned.
The adder poisons you! The adder bites you.
You are more poisoned.
The adder poisons you!
You hit the adder. Your grab misses the adder. You squeeze the adder.
The adder is severely wounded.
You feel very sick. The adder bites you.
You miss the adder. Your grab misses the adder.
The adder is severely wounded.
You feel sick. The adder bites you.
* * * LOW HITPOINT WARNING * * *
You are more poisoned.
The adder poisons you! The adder bites you.
* * * LOW HITPOINT WARNING * * *
You are more poisoned.
The adder poisons you!
You miss the adder. You grab the adder.
The adder is severely wounded.
You constrict the adder.
You die...

#.###.#####**,,,,,**
#... #.....# **,,,**
#.## #####.# **+** #.**
#S# *,* #.,, #.# *,#
*,** #.# **l## *,,, #.#
**...##*** ****
#.#######.....#*,******
#....S@.......$,*,,,,,,
###########!###*,******
*** ***


You could see an adder.

Vanquished Creatures
  An adder (D:5)
1 creature vanquished.

Notes
Turn   | Place    | Note
-------+----------+-------------------------------------------
     0 | D:5      | Esekla the Octopode Delver began the quest for the Orb.
     0 | D:5      | Reached XP level 1. HP: 16/16 MP: 1/1
    18 | D:5      | Noticed a scorpion
    36 | D:5      | Found an opulent altar of Gozag.
    74 | D:5      | Noticed an iguana
    94 | D:5      | Noticed a hound
   125 | D:5      | Reached skill level 7 in Stealth
   125 | D:5      | Reached XP level 2. HP: 21/21 MP: 2/2
   170 | D:5      | Noticed a necrophage
   228 | D:5      | Succumbed to an adder's poison

Illustrated notes

Levels and vault maps discovered:
D:5:      layout_loops_corners, nicolae_gozag_cash_rules_everything_around_me,
          portal_sewer_entry_b, nicolae_half_adder

Skill      XL: |  1 |
---------------+----+-----
Stealth        | 7 |  7.1
Fighting       | |  3.0
Long Blades    | |  2.0
Dodging        | |  2.0

Action                     || total
---------------------------++-------
  Melee: Falchion          ||     7
         Constrict         ||     2
         Tentacles         ||     2
    Use: Scroll            ||     1
  Dodge: Dodged            ||     3

Table legend: (Time is in decaauts)
 A = Elapsed time spent in this place.
 B = Non-inter-level travel time spent in this place.
 C = Inter-level travel time spent in this place.
 D = Time resting spent in this place.
 E = Time spent auto-exploring this place.
 F = Levels seen in this place.
 G = Mean time per level.
                   A        B        C        D        E       F      G
               +--------+--------+--------+--------+--------+-----+--------+
         Total |    229 |    229 |      0 |      0 |      0 |   1 |  229.0 |
       Dungeon |    229 |    229 |      0 |      0 |      0 |   1 |  229.0 |
               +--------+--------+--------+--------+--------+-----+--------+

Top non-repeatable levels by time:
     D:5: 229 daAuts
